MLB
TAMPA BAY RAYS @ CLEVELAND GUARDIANS
07/05/2098
 
TOP OF THE 1ST
Tampa Bay Rays batting - Pitching for Cleveland Guardians : RHP Matt Quint
Pitching: RHP Matt Quint
Batting: SHB Jorge Ramos 0-0: Ball
1-0: Ball
2-0: Called Strike
2-1: Swinging Strike
2-2: Strikes out swinging, 2-3 out at first.
Batting: RHB Jamie Huggins 0-0: Ball
1-0: Foul Ball, location: 2F
1-1: Ball
2-1: Bunt for hit to 23 - play at first, batter OUT! 3-4
Batting: RHB Dave Taylor 0-0: Ball
1-0: Foul Ball, location: 9LMF
1-1: Ball
2-1: Fly out, F9 (Flyball, 89D, EV 103.8 MPH)
Top of the 1st over - 0 runs, 0 hits, 0 errors, 0 left on base; Tampa Bay 0 - Cleveland 0
BOTTOM OF THE 1ST
Cleveland Guardians batting - Pitching for Tampa Bay Rays : RHP Manny Vara
Pitching: RHP Manny Vara
Batting: LHB Mel Soto 0-0: Ball
1-0: Hit by Pitch
Batting: LHB Matt Cleary 0-0: Ball
1-0: Foul Ball, location: 2F
1-1: Foul Ball, location: 2F
1-2: Foul Ball, location: 7LSF
1-2: Foul Ball, location: 23FF
Balk!
Mel Soto to second
1-2: 2-RUN HOME RUN (Flyball, 9D, EV 101.3 MPH), Distance : 378 ft
Batting: LHB Jonathan Setzler 0-0: Called Strike
0-1: Swinging Strike
0-2: Ball
1-2: Ball
2-2: Strikes out swinging
Batting: RHB Barry Nicholson 0-0: Ball
1-0: Foul Ball, location: 2F
1-1: Swinging Strike
1-2: Strikes out swinging
Batting: LHB Dallas Ostrove 0-0: Ball
1-0: Called Strike
1-1: SOLO HOME RUN (Flyball, 89XD, EV 112.5 MPH), Distance : 426 ft
Batting: RHB Jimmy Murphey 0-0: Ball
1-0: Called Strike
1-1: Ball
2-1: Foul Ball, location: 25F
2-2: Ball
3-2: Base on Balls
Batting: SHB Jose Agramonte 0-0: Ball
1-0: Ball
2-0: Foul Ball, location: 7LSF
2-1: Fly out, F8 (Flyball, 89D, EV 106.9 MPH)
Bottom of the 1st over - 3 runs, 2 hits, 0 errors, 1 left on base; Tampa Bay 0 - Cleveland 3
TOP OF THE 2ND
Tampa Bay Rays batting - Pitching for Cleveland Guardians : RHP Matt Quint
Batting: RHB Kevin Schulz 0-0: Foul Ball, location: 23F
0-1: Called Strike
0-2: Ball
1-2: Ball
2-2: Fly out, F3 (Popup, 3F, EV 80.0 MPH)
Batting: RHB Steve Auclair 0-0: Swinging Strike
0-1: Called Strike
0-2: Strikes out swinging
Batting: LHB Ray Behm 0-0: Called Strike
0-1: Ball
1-1: Called Strike
1-2: Ball
2-2: Ball
3-2: Strikes out swinging
Top of the 2nd over - 0 runs, 0 hits, 0 errors, 0 left on base; Tampa Bay 0 - Cleveland 3
BOTTOM OF THE 2ND
Cleveland Guardians batting - Pitching for Tampa Bay Rays : RHP Manny Vara
Batting: RHB Chris Goacher 0-0: Called Strike
0-1: Ground out U3 (Groundball, 34S, EV 85.0 MPH)
Batting: RHB Mike Maddy 0-0: Ball
1-0: Ball
2-0: Swinging Strike
2-1: Fly out, F7 (Flyball, 7S, EV 94.4 MPH)
Batting: LHB Mel Soto 0-0: Foul Ball, location: 2F
0-1: Swinging Strike
0-2: Ball
1-2: Ball
2-2: Ball
3-2: Base on Balls
Batting: LHB Matt Cleary 0-0: Ball
1-0: Ball
2-0: Ball
3-0: Base on Balls
Mel Soto to second
Batting: LHB Jonathan Setzler 0-0: Called Strike
0-1: Ball
1-1: Called Strike
1-2: SINGLE (Groundball, 34D, EV 101.9 MPH)
Mel Soto to third
Matt Cleary to second
Runner from 3rd tries for Home, SAFE, throw by RF to home
Batting: RHB Barry Nicholson 0-0: Called Strike
0-1: Foul Ball, location: 2F
0-2: Strikes out swinging
Bottom of the 2nd over - 1 run, 1 hit, 0 errors, 2 left on base; Tampa Bay 0 - Cleveland 4
TOP OF THE 3RD
Tampa Bay Rays batting - Pitching for Cleveland Guardians : RHP Matt Quint
Batting: RHB Allen Castellanos 0-0: Foul Ball, location: 5SF
0-1: Called Strike
0-2: Ball
1-2: Strikes out swinging
Batting: RHB Roberto Borunda 0-0: Ball
1-0: Swinging Strike
1-1: Ball
2-1: Foul Ball, location: 5DF
2-2: Strikes out swinging
Batting: SHB Ryan Takach 0-0: Called Strike
0-1: Foul Ball, location: 9LMF
0-2: Ground out 1-3 (Groundball, 25, EV 71.9 MPH)
Top of the 3rd over - 0 runs, 0 hits, 0 errors, 0 left on base; Tampa Bay 0 - Cleveland 4
BOTTOM OF THE 3RD
Cleveland Guardians batting - Pitching for Tampa Bay Rays : RHP Manny Vara
Batting: LHB Dallas Ostrove 0-0: Ground out 4-3 (Groundball, 4, EV 100.6 MPH)
Batting: RHB Jimmy Murphey 0-0: Called Strike
0-1: Foul Ball, location: 5DF
0-2: Ball
1-2: Strikes out swinging
Batting: SHB Jose Agramonte 0-0: Ball
1-0: Called Strike
1-1: Swinging Strike
1-2: Foul Ball, location: 5SF
1-2: Ball
2-2: Ball
3-2: Strikes out swinging
Bottom of the 3rd over - 0 runs, 0 hits, 0 errors, 0 left on base; Tampa Bay 0 - Cleveland 4
TOP OF THE 4TH
Tampa Bay Rays batting - Pitching for Cleveland Guardians : RHP Matt Quint
Batting: SHB Jorge Ramos 0-0: Called Strike
0-1: Ball
1-1: Ball
2-1: Foul Ball, location: 23F
2-2: Strikes out swinging
Batting: RHB Jamie Huggins 0-0: Ball
1-0: Ball
2-0: Called Strike
2-1: Foul Ball, location: 3SF
2-2: Ball
3-2: Fly out, F3 (Popup, 3, EV 74.4 MPH)
Batting: RHB Dave Taylor 0-0: Ball
1-0: Foul Ball, location: 3F
1-1: Ground out 6-3 (Groundball, 6, EV 73.1 MPH)
Top of the 4th over - 0 runs, 0 hits, 0 errors, 0 left on base; Tampa Bay 0 - Cleveland 4
BOTTOM OF THE 4TH
Cleveland Guardians batting - Pitching for Tampa Bay Rays : RHP Manny Vara
Batting: RHB Chris Goacher 0-0: Called Strike
0-1: Foul Ball, location: 25FF
0-2: Ball
1-2: Foul Ball, location: 3SF
1-2: Strikes out swinging
Batting: RHB Mike Maddy 0-0: Ball
1-0: Ball
2-0: Swinging Strike
2-1: Fly out, F9 (Flyball, 89D, EV 90.0 MPH)
Batting: LHB Mel Soto 0-0: Foul Ball, location: 3F
0-1: Swinging Strike
0-2: Foul Ball, location: 7LMFF
0-2: Strikes out swinging
Bottom of the 4th over - 0 runs, 0 hits, 0 errors, 0 left on base; Tampa Bay 0 - Cleveland 4
TOP OF THE 5TH
Tampa Bay Rays batting - Pitching for Cleveland Guardians : RHP Matt Quint
Batting: RHB Kevin Schulz 0-0: Called Strike
0-1: Swinging Strike
0-2: Ball
1-2: Strikes out swinging
Batting: RHB Steve Auclair 0-0: Ball
1-0: Ground out 6-3 (Groundball, 6, EV 100.0 MPH)
Batting: LHB Ray Behm 0-0: SINGLE (Flyball, 6D, EV 90.0 MPH)
Batting: RHB Allen Castellanos 0-0: Called Strike
0-1: Called Strike
0-2: Foul Ball, location: 9LSF
0-2: Strikes out swinging
Top of the 5th over - 0 runs, 1 hit, 0 errors, 1 left on base; Tampa Bay 0 - Cleveland 4
BOTTOM OF THE 5TH
Cleveland Guardians batting - Pitching for Tampa Bay Rays : RHP Manny Vara
Batting: LHB Matt Cleary 0-0: Swinging Strike
0-1: Ball
1-1: Foul Ball, location: 2F
1-2: Ball
2-2: DOUBLE (Groundball, 3L, EV 95.0 MPH)
Batting: LHB Jonathan Setzler 0-0: Foul Ball, location: 23FF
0-1: Called Strike
0-2: Strikes out swinging
Batting: RHB Barry Nicholson 0-0: Ball
1-0: Called Strike
1-1: Foul Ball, location: 2F
1-2: Ball
2-2: Strikes out swinging
Batting: LHB Dallas Ostrove 0-0: Called Strike
0-1: Foul Ball, location: 3F
0-2: Foul Ball, location: 25FF
0-2: Hit by Pitch
Batting: RHB Jimmy Murphey 0-0: SINGLE (Line Drive, 8LS, EV 91.9 MPH)
Matt Cleary to third
Dallas Ostrove to second
Runner from 3rd tries for Home, SAFE, throw by LF to home
Pitching: RHP Jason Long
Batting: SHB Jose Agramonte 0-0: Foul Ball, location: 9LMF
0-1: Foul Ball, location: 3F
0-2: Foul Ball, location: 7LMF
0-2: Ball
1-2: Ball
2-2: Foul Ball, location: 9LSF
2-2: Fly out, F8 (Flyball, 78D, EV 98.1 MPH)
Bottom of the 5th over - 1 run, 2 hits, 0 errors, 2 left on base; Tampa Bay 0 - Cleveland 5
TOP OF THE 6TH
Tampa Bay Rays batting - Pitching for Cleveland Guardians : RHP Matt Quint
Batting: RHB Roberto Borunda 0-0: DOUBLE (Line Drive, 89M, EV 91.3 MPH)
Batting: SHB Ryan Takach 0-0: Foul Ball, location: 3F
0-1: Swinging Strike
0-2: Strikes out swinging
Batting: SHB Jorge Ramos 0-0: Called Strike
0-1: Ball
1-1: 2-RUN HOME RUN (Flyball, 9D, EV 96.9 MPH), Distance : 358 ft
Batting: RHB Jamie Huggins 0-0: Ball
1-0: Called Strike
1-1: Ball
2-1: Ground out 4-3 (Groundball, 4, EV 84.4 MPH)
Batting: RHB Dave Taylor 0-0: Ball
1-0: Ground out 6-3 (Groundball, 6MD, EV 105.6 MPH)
Top of the 6th over - 2 runs, 2 hits, 0 errors, 0 left on base; Tampa Bay 2 - Cleveland 5
BOTTOM OF THE 6TH
Cleveland Guardians batting - Pitching for Tampa Bay Rays : RHP Jason Long
Batting: RHB Chris Goacher 0-0: Ball
1-0: DOUBLE (Line Drive, 9LD, EV 96.9 MPH)
Batting: RHB Mike Maddy 0-0: Foul Ball, location: 9LSF
0-1: Ball
1-1: Ball
2-1: Ground out 5-3 (Groundball, 56, EV 109.4 MPH)
Batting: LHB Mel Soto 0-0: Called Strike
0-1: Ball
1-1: Ball
2-1: Swinging Strike
2-2: Strikes out swinging
Batting: LHB Matt Cleary 0-0: Ball
1-0: Foul Ball, location: 2F
1-1: Ball
2-1: Swinging Strike
2-2: Ball
3-2: Fly out, F9 (Flyball, 9LM, EV 90.6 MPH)
Bottom of the 6th over - 0 runs, 1 hit, 0 errors, 1 left on base; Tampa Bay 2 - Cleveland 5
TOP OF THE 7TH
Tampa Bay Rays batting - Pitching for Cleveland Guardians : RHP Matt Quint
Batting: RHB Kevin Schulz 0-0: Ball
1-0: SINGLE (Groundball, 56D, EV 101.3 MPH)
Batting: RHB Steve Auclair 0-0: Foul Ball, location: 9LDF
0-1: Fly out, F9 (Flyball, 9LD, EV 111.3 MPH)
Batting: LHB Ray Behm 0-0: Ball
1-0: Grounds into double play, 5-4-3 (Groundball, 5, EV 85.6 MPH)
Top of the 7th over - 0 runs, 1 hit, 0 errors, 0 left on base; Tampa Bay 2 - Cleveland 5
BOTTOM OF THE 7TH
Cleveland Guardians batting - Pitching for Tampa Bay Rays : RHP Jason Long
Pitching: RHP Juan Ramos
Batting: LHB Jonathan Setzler 0-0: Swinging Strike
0-1: Foul Ball, location: 23F
0-2: Ball
1-2: SOLO HOME RUN (Flyball, 9LD, EV 91.9 MPH), Distance : 347 ft
Batting: RHB Barry Nicholson 0-0: Ball
1-0: Swinging Strike
1-1: Fly out, F8 (Flyball, 8RXD, EV 90.6 MPH)
Batting: LHB Dallas Ostrove 0-0: Called Strike
0-1: Fly out, F9 (Flyball, 9, EV 98.1 MPH)
Batting: RHB Jimmy Murphey 0-0: Called Strike
0-1: Ground out 5-3 (Groundball, 56S, EV 65.0 MPH)
Bottom of the 7th over - 1 run, 1 hit, 0 errors, 0 left on base; Tampa Bay 2 - Cleveland 6
TOP OF THE 8TH
Tampa Bay Rays batting - Pitching for Cleveland Guardians : RHP Matt Quint
Batting: RHB Allen Castellanos 0-0: Ball
1-0: Ball
2-0: Ball
3-0: Base on Balls
Batting: RHB Roberto Borunda 0-0: Called Strike
0-1: Foul Ball, location: 5SF
0-2: Ball
1-2: Ball
2-2: Foul Ball, location: 5FF
2-2: Fly out, F8 (Line Drive, 8RM, EV 90.6 MPH)
Batting: SHB Ryan Takach 0-0: Foul Ball, location: 2F
0-1: Ground out 4-3 (Groundball, 4S, EV 63.1 MPH)
Allen Castellanos to second
Batting: SHB Jorge Ramos 0-0: Ball
1-0: Fly out, F9 (Flyball, 9LM, EV 92.5 MPH)
Top of the 8th over - 0 runs, 0 hits, 0 errors, 1 left on base; Tampa Bay 2 - Cleveland 6
BOTTOM OF THE 8TH
Cleveland Guardians batting - Pitching for Tampa Bay Rays : RHP Juan Ramos
Batting: SHB Jose Agramonte 0-0: Ball
1-0: Ball
2-0: Foul Ball, location: 3FF
2-1: Fly out, F8 (Line Drive, 8LM, EV 98.8 MPH)
Batting: RHB Chris Goacher 0-0: Ball
1-0: Ball
2-0: Single, Error in OF, E9, batter to second base (Line Drive, 4D, EV 101.3 MPH)
Batting: RHB Mike Maddy 0-0: Ball
1-0: Ball
2-0: Ground out 5-3 (Groundball, 56, EV 102.5 MPH)
Batting: LHB Mel Soto 0-0: Ball
1-0: Fly out, F7 (Flyball, 7, EV 95.6 MPH)
Bottom of the 8th over - 0 runs, 1 hit, 1 error, 1 left on base; Tampa Bay 2 - Cleveland 6
TOP OF THE 9TH
Tampa Bay Rays batting - Pitching for Cleveland Guardians : RHP Matt Quint
Batting: RHB Jamie Huggins 0-0: Ball
1-0: Called Strike
1-1: Foul Ball, location: 5DF
1-2: Strikes out swinging
Batting: RHB Dave Taylor 0-0: Swinging Strike
0-1: Called Strike
0-2: Fly out, F9 (Line Drive, 9S, EV 94.4 MPH)
Batting: RHB Kevin Schulz 0-0: Ball
1-0: Ball
2-0: Called Strike
2-1: Called Strike
2-2: Foul Ball, location: 7LSF
2-2: Fly out, F4 (Popup, 4, EV 75.0 MPH)
Top of the 9th over - 0 runs, 0 hits, 0 errors, 0 left on base; Tampa Bay 2 - Cleveland 6
Monday, April 8th , 2024 - OOTP Baseball 24.11 Build 85